 Dungeon Crawl Stone Soup version 0.24-a0-335-g06ca16a (webtiles) character file.

Game seed: 7823131408297344146

10084 kidcy the Basher (level 11, 0/133 HPs)
             Began as a Demonspawn Monk on May 19, 2019.
             Was a Priest of Uskayaw.
             Slain by a salamander
             ... wielding a +0 halberd
              (3 damage)
             ... in a volcano.
             The game lasted 00:32:33 (12939 turns).

kidcy the Basher (Demonspawn Monk)                 Turns: 12939, Time: 00:32:33

Health: 0/133      AC: 12    Str: 18    XL:     11   Next: 31%
Magic:  0/11       EV:  8    Int: 11    God:    Uskayaw [***...]
Gold:   331        SH:  9    Dex: 18    Spells: 10/10 levels left

rFire    + . .     SeeInvis .   o - +0 morningstar
rCold    . . .     Gourm    .   A - +1 shield
rNeg     . . .     Faith    .   z - +0 scale mail {rF+}
rPois    .         Spirit   +   (helmet restricted)
rElec    +         Reflect  .   D - scarf {Spirit}
rCorr    .         Harm     .   (no gloves)
MR       .....                  (no boots)
Stlth    ..........             (no amulet)
HPRegen  0.32/turn              (no ring)
MPRegen  0.12/turn              (no ring)

@: berserking (expiring), very quick
A: antennae 1, thin metallic scales 3, powered by death 1, powered by pain 2
a: Stomp, Line Pass, Renounce Religion


You were in a volcano.
You worshipped Uskayaw.
Uskayaw was noncommittal.
You were not hungry.

You visited 2 branches of the dungeon, and saw 12 of its levels.
You also visited: Sewer and Volcano.

You collected 649 gold pieces.
You spent 318 gold pieces at shops.

Inventory:

Hand Weapons
 o - a +0 morningstar (weapon)
Armour
 f - a +3 ring mail
 z - a +0 scale mail of fire resistance (worn)
 A - a +1 shield (worn)
 D - a scarf of spirit shield (worn)
Jewellery
 s - an uncursed ring of protection from cold {unknown}
Wands
 y - a wand of flame (37)
Scrolls
 e - 5 scrolls of remove curse
 j - 2 scrolls of random uselessness {unknown}
 m - a scroll of fear {unknown}
 p - 4 scrolls of identify
 q - a scroll of blinking
 r - a scroll of amnesia
 w - a scroll of magic mapping
Potions
 a - a potion of mutation
 b - a potion of agility
 d - a potion of experience {unknown}
 h - 2 potions of cancellation
 k - 2 potions of flight
 u - a potion of brilliance
 v - a potion of magic {unknown}
 B - a potion of haste {unknown}
 C - a potion of ambrosia {unknown}
Comestibles
 c - 15 rations


   Skills:
 + Level 9.5 Fighting
 * Level 11.7 Maces & Flails
 + Level 8.1 Armour
 - Level 2.8 Dodging
 - Level 1.9 Stealth


You had 10 spell levels left.
You didn't know any spells.
Your spell library contained the following spells:

 Spells                   Type           Power        Failure   Level  Hunger
 Irradiate                Conj/Tmut      #.........   100%        5    ######.
 Hydra Form               Tmut           #.........   100%        6    #######
 Statue Form              Tmut/Erth      #........    100%        6    #######
 Dragon Form              Tmut           #.........   100%        7    #######


Dungeon Overview and Level Annotations

Branches:
Dungeon (11/15)            Temple (0/1) D:5            Lair (1/6) D:10
    Orc (0/2) D:10

Altars:
Gozag
Uskayaw
Wu Jian
Yredelemnul
Beogh

Shops:
D:6 *   D:8 (

Portals:
Trove: D:10 (give +3 storm dragon scales)

Annotations:
D:2 1 runed translucent door, Crazy Yiuf
D:3 3 runed translucent doors, MisterFreud's ghost, amateur OpTm


Innate Abilities, Weirdness & Mutations

You have a pair of small antennae on your head.
You are completely covered in thin metallic scales. (AC +4, rElec)
You regenerate a little health from kills.
You sometimes gain power by taking damage.


Message History

The salamander hits you with a +0 halberd!
* * * LOW HITPOINT WARNING * * *
You are engulfed in flames.
You resist.
* * * LOW HITPOINT WARNING * * *
You completely miss the salamander.
The salamander is heavily wounded.
The salamander closely misses you.
You closely miss the salamander.
The salamander is heavily wounded.
Your shield and scale mail prevent you from hitting the salamander.
The salamander is heavily wounded.
The salamander completely misses you.
You puncture the salamander!
The salamander is severely wounded.
You puncture the salamander!
The salamander is almost dead.
The salamander hits you with a +0 halberd!
* * * LOW HITPOINT WARNING * * *
You are engulfed in flames.
You resist.
You die...

.§§≈≈○§≈°≈§≈≈§§...###
..#
.§≈§§°≈§≈§§§≈≈§§..##
..#
≈§≈≈§§○≈≈≈≈≈≈≈≈≈≈§.##
..#
§≈§≈≈≈≈§§§≈≈≈≈§§§§§.###
..
§≈≈≈≈≈§≈≈§≈≈≈≈≈§§≈§...#
.
≈≈≈≈≈≈≈≈≈§≈§≈≈≈≈≈≈§...#
§§≈≈§§§≈≈§≈§≈≈≈≈≈≈...##
§§§≈≈≈≈§§§§§≈≈≈≈N...##
≈§§§§≈≈≈≈§≈≈≈≈≈§@..##
≈§§§§≈§§§≈≈≈≈≈≈...##
§§§≈≈≈§§§≈≈≈.....##
≈§≈≈≈≈§§§≈≈....###
≈§...≈≈≈≈≈§§..##
§###...≈§≈.....#
##∩###.≈≈....###
....###......#
#.....###....#


You could see a salamander.

Vanquished Creatures
  Maurice (D:9)
  A salamander (Volcano)
  2 spiny frogs (Lair:1)
  A gargoyle (D:10)
  A guardian mummy (D:10)
  A troll (D:10)
  2 hippogriffs
  5 yaks (D:10)
  A wyvern (D:10)
  4 hogs (D:7)
  5 fire bats (Volcano)
  A basilisk (Lair:1)
  A human (D:7)
  A water moccasin (D:9)
  5 orc warriors
  6 sky beasts
  6 ogres
  4 phantoms
  A necrophage (D:10)
  5 centaurs
  4 bullfrogs
  A gnoll sergeant (D:9)
  2 scorpions (D:9)
  5 killer bees (D:9)
  3 howler monkeys
  5 crimson imps
  6 lava snakes (Volcano)
  2 bullfrog zombies
  8 hounds
  13 orc wizards
  A gnoll shaman (D:6)
  5 orc priests
  2 jellies
  5 bullfrog skeletons
  An iguana (D:8)
  Ijyb (D:5)
  6 worker ants
  A hound skeleton (D:7)
  A hound zombie (D:6)
  3 worker ant zombies
  A howler monkey zombie (D:7)
  11 gnolls
  13 adders
  A river rat (D:4)
  5 shadow imps
  An ooze (D:1)
  An adder zombie (D:7)
  3 worms
  2 dart slugs
  4 leopard geckos
  43 orcs
  17 bats
  5 giant cockroaches
  5 goblins
  3 hobgoblins
  8 jackals
  8 kobolds
  4 quokkas
  3 ball pythons
  3 frilled lizards
  2 gnoll zombies (D:8)
  A leopard gecko skeleton (D:4)
  2 quokka skeletons (D:6)
  5 rats
280 creatures vanquished.

Vanquished Creatures (others)
  An orc wizard (D:8)
  A plant (Lair:1)
2 creatures vanquished.

Grand Total: 282 creatures vanquished

Notes
Turn   | Place    | Note
-------+----------+-------------------------------------------
     0 | D:1      | kidcy the Demonspawn Monk began the quest for the Orb.
     0 | D:1      | Reached XP level 1. HP: 18/18 MP: 1/1
   408 | D:1      | Gained mutation: You are partially covered in thin metallic
                  | scales. (AC +2) [demonic ancestry]
   408 | D:1      | Reached XP level 2. HP: 20/24 MP: 2/2
   452 | D:1      | Reached skill level 3 in Maces & Flails
   814 | D:1      | Gained mutation: You sometimes gain a little power by
                  | taking damage. [demonic ancestry]
   814 | D:1      | Reached XP level 3. HP: 29/29 MP: 3/3
  1217 | D:2      | Reached skill level 1 in Armour
  1245 | D:2      | Found an opulent altar of Gozag.
  1696 | D:2      | Found a runed translucent door.
  1697 | D:2      | Noticed Crazy Yiuf
  1778 | D:2      | Gained mutation: You are mostly covered in thin metallic
                  | scales. (AC +3) [demonic ancestry]
  1778 | D:2      | Reached XP level 4. HP: 31/35 MP: 4/4
  2499 | D:3      | Reached skill level 4 in Maces & Flails
  2565 | D:3      | Noticed MisterFreud's ghost (amateur OpTm)
  2581 | D:3      | Found a runed translucent gate.
  2581 | D:3      | Found a runed translucent gate.
  2581 | D:3      | Found a runed translucent gate.
  2591 | D:3      | Found a faded altar of an unknown god.
  2603 | D:3      | Became a worshipper of Uskayaw the Reveler
  2603 | D:3      | Reached * piety under Uskayaw
  2603 | D:3      | Reached ** piety under Uskayaw
  2679 | D:3      | Gained mutation: You regenerate a little health from kills.
                  | [demonic ancestry]
  2679 | D:3      | Reached XP level 5. HP: 29/42 MP: 5/5
  3078 | D:4      | Found a glowing drain.
  3112 | D:4      | Reached *** piety under Uskayaw
  3116 | Sewer    | Entered a sewer
  3154 | Sewer    | Noticed a crocodile
  3196 | D:4      | Reached XP level 6. HP: 39/48 MP: 6/6
  3502 | D:4      | Reached skill level 5 in Maces & Flails
  3874 | D:5      | Entered Level 5 of the Dungeon
  4011 | D:5      | Gained mutation: You sometimes gain power by taking damage.
                  | [demonic ancestry]
  4011 | D:5      | Reached XP level 7. HP: 31/55 MP: 7/7
  4316 | D:5      | Found a staircase to the Ecumenical Temple.
  4361 | D:5      | Reached skill level 5 in Fighting
  4380 | D:5      | Noticed Ijyb
  4391 | D:5      | Killed Ijyb
  4401 | D:5      | Reached **** piety under Uskayaw
  4623 | D:5      | Reached skill level 6 in Maces & Flails
  4774 | D:6      | Found Nijuir's General Store.
  4791 | D:6      | Bought a +0 scale mail of fire resistance for 132 gold
                  | pieces
  4791 | D:6      | Bought a scroll of teleportation for 36 gold pieces
  4791 | D:6      | Bought a scroll of teleportation for 36 gold pieces
  4791 | D:6      | Bought a scroll of teleportation for 36 gold pieces
  4791 | D:6      | Bought a +0 shield for 54 gold pieces
  4791 | D:6      | Bought a scroll of identify for 24 gold pieces
  4975 | D:6      | Gained mutation: You have a pair of small antennae on your
                  | head. [demonic ancestry]
  4975 | D:6      | Reached XP level 8. HP: 45/63 MP: 8/8
  5295 | D:6      | Reached skill level 7 in Maces & Flails
  6181 | D:7      | Noticed a hippogriff
  6190 | D:7      | Killed a hippogriff
  6190 | D:7      | Reached skill level 5 in Armour
  6205 | D:6      | Reached skill level 8 in Maces & Flails
  6288 | D:7      | Reached XP level 9. HP: 66/71 MP: 9/9
  6837 | D:7      | Found an ornate altar of the Wu Jian Council.
  7319 | D:7      | Reached skill level 9 in Maces & Flails
  7319 | D:7      | Reached ***** piety under Uskayaw
  7918 | D:8      | Found a basalt altar of Yredelemnul.
  8281 | D:8      | Gained mutation: You are completely covered in thin
                  | metallic scales. (AC +4, rElec) [demonic ancestry]
  8281 | D:8      | Reached XP level 10. HP: 74/80 MP: 8/10
  8528 | D:8      | Found Ebluwk's Antique Weapon Emporium.
  8707 | D:9      | Reached skill level 10 in Maces & Flails
  9509 | D:9      | Noticed Maurice
  9518 | D:9      | Killed Maurice
  9841 | D:10     | Entered Level 10 of the Dungeon
 10193 | D:10     | Found a staircase to the Orcish Mines.
 10211 | D:10     | Found a roughly hewn altar of Beogh.
 10368 | D:10     | Noticed a gargoyle
 10381 | D:10     | Killed a gargoyle
 10421 | D:10     | Found a staircase to the Lair.
 10656 | D:10     | Reached skill level 11 in Maces & Flails
 10772 | D:10     | Found a portal to a secret trove of treasure.
 10987 | D:10     | Reached XP level 11. HP: 24/89 MP: 5/11
 11475 | Lair:1   | Entered Level 1 of the Lair of Beasts
 11914 | Lair:1   | Found a dark tunnel.
 12104 | Volcano  | Entered a volcano
 12939 | Volcano  | HP: 3/133 [salamander/+0 halberd (12)]
 12939 | Volcano  | Slain by a salamander

Levels and vault maps discovered:
D:1:      onia_arrival_mini_maze, layout_basic
D:2:      layout_rooms, minmay_liquid_box, grunt_gozag_breadcrumbs,
          uniq_crazy_yiuf_cottage
D:3:      layout_basic, gammafunk_ghost_split,
          chequers_ecumenical_altar_simple_redux, st_stairs_7
D:4:      layout_loops_ring, cheibrodos_sewer_entry_sluice, first_ration
D:5:      layout_loops_ring, minmay_temple_entry_proselytizer, uniq_ijyb
D:6:      layout_basic, serial_shops, shop
D:7:      layout_layer_cave, basic_altar, grunt_livestock
D:8:      layout_rooms, lemuel_zombie_altar_yredelemnul, serial_shops, shop,
          corexii_corridor_pit, minivault_4
D:9:      layout_loops_cross, uniq_maurice
D:10:     layout_irregular_city, lair_entry_dummy,
          minmay_orc_entry_temple_small, nicolae_trove_entry_path_of_doom,
          minmay_misc_feat_enclosed
D:11:     layout_layer_cave, serial_shops, shop, shop, shop, shop_statue, shop,
          lightli_corner_chamber
Lair:1:   layout_layer_cave, nicolae_volcano_entry_two_sided,
          infiniplex_staircase_pool
Volcano:  volcano_grotto [vgs_dualism]

Skill      XL: |  1  2  3  4  5  6  7  8  9 10 11 |
---------------+----------------------------------+-----
Maces & Flails | 3 4 5 6 8 9 11 | 11.7
Armour         | 1 2 3 4 5 6 7 8 |  8.1
Fighting       | 4 5 6 7 9 |  9.5
Dodging        | |  2.8
Stealth        | |  1.9

Action                   |  1- 3 |  4- 6 |  7- 9 | 10-12 || total
-------------------------+-------+-------+-------+-------++-------
Melee: Mace              |   115 |    59 |       |       ||   174
       Morningstar       |       |   171 |   489 |   534 ||  1194
Invok: Stomp             |       |       |     4 |     2 ||     6
Evoke: Wand              |       |       |     4 |    23 ||    27
  Use: Potion            |       |       |     3 |     8 ||    11
       Scroll            |       |       |    20 |     5 ||    25
 Stab: Sleeping          |     2 |     2 |     1 |     2 ||     7
       Paralysed         |       |     1 |    17 |    27 ||    45
  Eat: Chunk             |     3 |     7 |    12 |     3 ||    25
       Ration            |       |       |     1 |     4 ||     5
Armor: Robe              |    26 |       |       |       ||    26
       Ring mail         |    28 |   133 |   234 |   189 ||   584
       Scale mail        |       |       |       |    23 ||    23
Dodge: Dodged            |    90 |   156 |   209 |   191 ||   646
Block: Shield            |       |       |   152 |   214 ||   366

Table legend:
 A = Non-vault XP
 B = Vault XP
 C = Vault XP percentage of total XP
 D = Non-vault monster count
 E = Vault monster count
 F = Vault count percentage of total count
                 A         B        C        D         E       F
            +---------+---------+-------+---------+---------+-------
      Total |   10539 |    3868 |  26.8 |     237 |      44 |  15.7
            +---------+---------+-------+---------+---------+-------
        D:1 |      43 |       1 |   2.3 |      22 |       1 |   4.3
        D:2 |     108 |       0 |   0.0 |      18 |       0 |   0.0
        D:3 |      92 |       1 |   1.1 |      14 |       1 |   6.7
        D:4 |     276 |      21 |   7.1 |      13 |       4 |  23.5
        D:5 |     498 |      76 |  13.2 |      23 |       2 |   8.0
        D:6 |    1256 |       0 |   0.0 |      23 |       0 |   0.0
        D:7 |     847 |     976 |  53.5 |      25 |       5 |  16.7
        D:8 |    1642 |       2 |   0.1 |      32 |       2 |   5.9
        D:9 |    1950 |     520 |  21.1 |      44 |       1 |   2.2
       D:10 |    2566 |     418 |  14.0 |      19 |       7 |  26.9
       D:11 |       0 |      52 | 100.0 |       0 |       4 | 100.0
     Lair:1 |    1261 |       0 |   0.0 |       4 |       0 |   0.0
      Sewer |       0 |       8 | 100.0 |       0 |       5 | 100.0
    Volcano |       0 |    1793 | 100.0 |       0 |      12 | 100.0
            +---------+---------+-------+---------+---------+-------
